EL
BIRMINGHAM BARONS @ NEW HAMPSHIRE FISHER CATS
07/07/2044
 
TOP OF THE 1ST
Birmingham Barons batting - Pitching for New Hampshire Fisher Cats : RHP Orlando Giron
Pitching: RHP Orlando Giron
Batting: RHB Justin Walker 0-0: Foul Ball, location: 2F
0-1: Swinging Strike
0-2: Strikes out swinging
Batting: RHB Dieter Knoops 0-0: Ball
1-0: Called Strike
1-1: Ball
2-1: Ball
3-1: Foul Ball, location: 2F
3-2: Fly out, F8 (Flyball, 8RM, EV 93.1 MPH)
Batting: LHB Nick Ramsdell 0-0: Ball
1-0: Ball
2-0: Swinging Strike
2-1: Foul Ball, location: 2F
2-2: Foul Ball, location: 2F
2-2: Foul Ball, location: 2F
2-2: Ball
3-2: Fly out, F8 (Line Drive, 8RD, EV 96.3 MPH)
Top of the 1st over - 0 runs, 0 hits, 0 errors, 0 left on base; Birmingham 0 - New Hampshire 0
BOTTOM OF THE 1ST
New Hampshire Fisher Cats batting - Pitching for Birmingham Barons : RHP Eddie Fell
Pitching: RHP Eddie Fell
Batting: SHB Spencer Jones 0-0: Ball
1-0: Swinging Strike
1-1: Foul Ball, location: 2F
1-2: Foul Ball, location: 2F
1-2: Ball
2-2: Foul Ball, location: 2F
2-2: Foul Ball, location: 2F
2-2: SINGLE (Line Drive, 4M, EV 96.3 MPH)
Batting: LHB Sumiki Okuhara 0-0: Ball
1-0: Ball
2-0: Fielders Choice at 2nd, 5-4 (Groundball, 56, EV 82.5 MPH)
Batting: RHB Donny Burnside 0-0: Ball
1-0: Ball
2-0: Ball
3-0: Called Strike
3-1: Called Strike
3-2: SINGLE (Groundball, 56S, EV 72.5 MPH) (infield hit)
Sumiki Okuhara to second
Batting: LHB Ray Whitehead 0-0: Foul Ball, location: 2F
0-1: Called Strike
0-2: Strikes out swinging
Batting: SHB Eduardo Maldonado 0-0: Swinging Strike
0-1: Ball
1-1: Ball
2-1: Foul Ball, location: 2F
2-2: Fly out, F8 (Flyball, 8RD, EV 100.6 MPH)
Bottom of the 1st over - 0 runs, 2 hits, 0 errors, 2 left on base; Birmingham 0 - New Hampshire 0
TOP OF THE 2ND
Birmingham Barons batting - Pitching for New Hampshire Fisher Cats : RHP Orlando Giron
Batting: LHB Ryan Karg 0-0: Called Strike
0-1: Ball
1-1: SINGLE (Flyball, 4MD, EV 88.1 MPH)
Batting: RHB Danny Bunn 0-0: Called Strike
0-1: Ball
1-1: SINGLE (Groundball, 56S, EV 73.8 MPH) (infield hit)
Ryan Karg to second
Batting: LHB Ryan Dyal 0-0: Ball
1-0: Ball
2-0: Foul Ball, location: 2F
2-1: Grounds into double play, 3-6-3 (Groundball, 3, EV 84.4 MPH)
Ryan Karg to third
Batting: LHB Kevin Rolison 0-0: Called Strike
0-1: Ball
1-1: Ball
2-1: Foul Ball, location: 2F
2-2: Strikes out looking
Top of the 2nd over - 0 runs, 2 hits, 0 errors, 1 left on base; Birmingham 0 - New Hampshire 0
BOTTOM OF THE 2ND
New Hampshire Fisher Cats batting - Pitching for Birmingham Barons : RHP Eddie Fell
Batting: RHB Eddie LaRose 0-0: Ball
1-0: Foul Ball, location: 2F
1-1: Swinging Strike
1-2: Ball
2-2: Ball
3-2: Foul Ball, location: 2F
3-2: Fly out, F7 (Flyball, 7, EV 86.3 MPH)
Batting: RHB Jorge Baret 0-0: Ball
1-0: Ball
2-0: Ball
3-0: Called Strike
3-1: Foul Ball, location: 2F
3-2: Fly out, F8 (Flyball, 8RXD, EV 86.9 MPH)
Batting: RHB Cyril Husson 0-0: Called Strike
0-1: Ball
1-1: Called Strike
1-2: Foul Ball, location: 2F
1-2: Foul Ball, location: 2F
1-2: Strikes out looking
Bottom of the 2nd over - 0 runs, 0 hits, 0 errors, 0 left on base; Birmingham 0 - New Hampshire 0
TOP OF THE 3RD
Birmingham Barons batting - Pitching for New Hampshire Fisher Cats : RHP Orlando Giron
Batting: RHB Tony Reyna 0-0: Ball
1-0: Ball
2-0: Called Strike
2-1: Called Strike
2-2: Foul Ball, location: 2F
2-2: Strikes out swinging, 2-3 out at first.
Batting: RHB Bill Williams 0-0: Ball
1-0: Swinging Strike
1-1: SINGLE (Flyball, 3D, EV 93.1 MPH)
Batting: RHB Justin Walker 0-0: Foul Ball, location: 2F
0-1: Ball
1-1: Ball
2-1: Ball
3-1: Grounds into double play, 4-6-3 (Groundball, 4, EV 85.0 MPH)
Top of the 3rd over - 0 runs, 1 hit, 0 errors, 0 left on base; Birmingham 0 - New Hampshire 0
BOTTOM OF THE 3RD
New Hampshire Fisher Cats batting - Pitching for Birmingham Barons : RHP Eddie Fell
Batting: RHB Nick Wicker 0-0: Foul Ball, location: 2F
0-1: Ground out 4-3 (Groundball, 4, EV 93.8 MPH)
Batting: SHB Spencer Jones 0-0: Ball
1-0: Called Strike
1-1: Ball
2-1: Swinging Strike
2-2: Strikes out swinging, 2-3 out at first.
Batting: LHB Sumiki Okuhara 0-0: Ball
1-0: Ball
2-0: Foul Ball, location: 2F
2-1: Ball
3-1: Called Strike
3-2: Base on Balls
Batting: RHB Donny Burnside 0-0: Ball
Sumiki Okuhara steals 2nd base
1-0: Fly out, F9 (Flyball, 9LS, EV 93.1 MPH)
Bottom of the 3rd over - 0 runs, 0 hits, 0 errors, 1 left on base; Birmingham 0 - New Hampshire 0
TOP OF THE 4TH
Birmingham Barons batting - Pitching for New Hampshire Fisher Cats : RHP Orlando Giron
Batting: RHB Dieter Knoops 0-0: Ball
1-0: Ball
2-0: Fly out, F9 (Flyball, 89S, EV 93.8 MPH)
Batting: LHB Nick Ramsdell 0-0: Fly out, F7 (Flyball, 7, EV 80.6 MPH)
Batting: LHB Ryan Karg 0-0: Foul Ball, location: 2F
0-1: Ground out 6-3 (Groundball, 4M, EV 94.4 MPH)
Top of the 4th over - 0 runs, 0 hits, 0 errors, 0 left on base; Birmingham 0 - New Hampshire 0
BOTTOM OF THE 4TH
New Hampshire Fisher Cats batting - Pitching for Birmingham Barons : RHP Eddie Fell
Batting: LHB Ray Whitehead 0-0: Called Strike
0-1: Called Strike
0-2: Ball
1-2: Ball
2-2: Ball
3-2: Foul Ball, location: 2F
3-2: Foul Ball, location: 2F
3-2: Foul Ball, location: 2F
3-2: Strikes out swinging
Batting: SHB Eduardo Maldonado 0-0: Ball
1-0: SOLO HOME RUN (Flyball, 7D, EV 102.5 MPH), Distance : 388 ft
Batting: RHB Eddie LaRose 0-0: SINGLE (Line Drive, 3D, EV 99.4 MPH)
Batting: RHB Jorge Baret 0-0: Ball
Eddie LaRose steals 2nd base
1-0: Called Strike
1-1: Ball
2-1: Ball
3-1: Called Strike
3-2: Foul Ball, location: 2F
3-2: Ground out U3 (Groundball, 3S, EV 91.9 MPH)
Eddie LaRose to third
Batting: RHB Cyril Husson 0-0: Swinging Strike
0-1: SINGLE (Groundball, 4M, EV 100.6 MPH) (infield hit)
Eddie LaRose scores
Batting: RHB Nick Wicker 0-0: Ball
Cyril Husson is caught stealing 2nd base 2-4
Bottom of the 4th over - 2 runs, 3 hits, 0 errors, 0 left on base; Birmingham 0 - New Hampshire 2
TOP OF THE 5TH
Birmingham Barons batting - Pitching for New Hampshire Fisher Cats : RHP Orlando Giron
Batting: RHB Danny Bunn 0-0: Called Strike
0-1: Ball
1-1: SINGLE (Groundball, 6MD, EV 101.3 MPH)
Batting: LHB Ryan Dyal 0-0: Ball
1-0: Ball
2-0: Ball
Wild Pitch!
Danny Bunn to second
3-0: Base on Balls
Batting: LHB Kevin Rolison 0-0: Called Strike
0-1: Ball
1-1: Ball
2-1: Grounds into double play, 6-4-3 (Groundball, 6, EV 110.0 MPH)
Danny Bunn to third
Batting: RHB Tony Reyna 0-0: Foul Ball, location: 2F
0-1: Swinging Strike
0-2: Foul Ball, location: 2F
0-2: Ball
1-2: Ball
2-2: Strikes out swinging
Top of the 5th over - 0 runs, 1 hit, 0 errors, 1 left on base; Birmingham 0 - New Hampshire 2
BOTTOM OF THE 5TH
New Hampshire Fisher Cats batting - Pitching for Birmingham Barons : RHP Eddie Fell
Batting: RHB Nick Wicker 0-0: Ball
1-0: Ball
2-0: Foul Ball, location: 2F
2-1: Foul Ball, location: 2F
2-2: Ball
3-2: Strikes out looking
Batting: SHB Spencer Jones 0-0: Ball
1-0: Fly out, F8 (Flyball, 8LD, EV 80.6 MPH)
Pitching: RHP Jim Milch
Batting: LHB Sumiki Okuhara 0-0: Called Strike
0-1: Ball
1-1: Foul Ball, location: 2F
1-2: Foul Ball, location: 2F
1-2: Ball
2-2: Ball
3-2: Foul Ball, location: 2F
3-2: Base on Balls
Batting: RHB Donny Burnside 0-0: Foul Ball, location: 2F
0-1: Foul Ball, location: 2F
0-2: Strikes out swinging
Bottom of the 5th over - 0 runs, 0 hits, 0 errors, 1 left on base; Birmingham 0 - New Hampshire 2
TOP OF THE 6TH
Birmingham Barons batting - Pitching for New Hampshire Fisher Cats : RHP Orlando Giron
Batting: RHB Bill Williams 0-0: Ball
1-0: Ground out 6-3 (Groundball, 6, EV 91.3 MPH)
Batting: RHB Justin Walker 0-0: Called Strike
0-1: Fly out, F3 (Flyball, 3D, EV 88.8 MPH)
Batting: RHB Dieter Knoops 0-0: Swinging Strike
0-1: Ball
1-1: Ball
2-1: Called Strike
2-2: Fly out, F9 (Flyball, 9D, EV 90.6 MPH)
Top of the 6th over - 0 runs, 0 hits, 0 errors, 0 left on base; Birmingham 0 - New Hampshire 2
BOTTOM OF THE 6TH
New Hampshire Fisher Cats batting - Pitching for Birmingham Barons : RHP Jim Milch
Batting: LHB Ray Whitehead 0-0: Called Strike
0-1: Foul Ball, location: 2F
0-2: Ball
1-2: Foul Ball, location: 2F
1-2: Ball
2-2: Ball
3-2: Strikes out swinging
Batting: SHB Eduardo Maldonado 0-0: Foul Ball, location: 2F
0-1: Ball
1-1: SINGLE (Groundball, 6S, EV 66.3 MPH) (infield hit)
Batting: RHB Eddie LaRose 0-0: Called Strike
0-1: 2-RUN HOME RUN (Flyball, 8RXD, EV 117.5 MPH), Distance : 466 ft
Batting: RHB Jorge Baret 0-0: Called Strike
0-1: Foul Ball, location: 2F
0-2: Ball
1-2: Ground out 6-3 (Groundball, 6, EV 90.0 MPH)
Batting: RHB Cyril Husson 0-0: Ball
1-0: Swinging Strike
1-1: Ball
2-1: Foul Ball, location: 2F
2-2: Ground out 5-3 (Groundball, 56, EV 88.8 MPH)
Bottom of the 6th over - 2 runs, 2 hits, 0 errors, 0 left on base; Birmingham 0 - New Hampshire 4
TOP OF THE 7TH
Birmingham Barons batting - Pitching for New Hampshire Fisher Cats : RHP Orlando Giron
Now in LF: Sumiki Okuhara
Now in CF: Dan Hilyer
Batting: LHB Nick Ramsdell 0-0: Called Strike
0-1: Ball
1-1: Ball
2-1: Foul Ball, location: 2F
2-2: Fly out, F7 (Line Drive, 7, EV 91.3 MPH)
Batting: LHB Ryan Karg 0-0: DOUBLE (Line Drive, 78D, EV 103.1 MPH)
Batting: RHB Danny Bunn 0-0: Ball
1-0: Ball
2-0: Called Strike
2-1: Ball
3-1: Foul Ball, location: 2F
3-2: Fly out, F5 (Flyball, 5D, EV 88.1 MPH)
Batting: LHB Ryan Dyal 0-0: Ball
1-0: Ball
2-0: Called Strike
2-1: Foul Ball, location: 2F
2-2: Ball
3-2: Foul Ball, location: 2F
3-2: Base on Balls
Batting: LHB Kevin Rolison 0-0: Fly out, F8 (Flyball, 8RM, EV 99.4 MPH)
Top of the 7th over - 0 runs, 1 hit, 0 errors, 2 left on base; Birmingham 0 - New Hampshire 4
BOTTOM OF THE 7TH
New Hampshire Fisher Cats batting - Pitching for Birmingham Barons : RHP Jim Milch
Pitching: RHP Jason Beard
Batting: RHB Nick Wicker 0-0: Ball
1-0: Ball
2-0: Ball
3-0: Called Strike
3-1: Foul Ball, location: 2F
3-2: Base on Balls
Batting: SHB Spencer Jones 0-0: Called Strike
0-1: Called Strike
0-2: SINGLE (Groundball, 4, EV 95.0 MPH)
Nick Wicker to second
Batting: LHB Sumiki Okuhara 0-0: Ball
1-0: Called Strike
1-1: Foul Ball, location: 2F
1-2: Ball
2-2: Fly out, F5 (Popup, 56, EV 63.1 MPH)
Batting: RHB Donny Burnside 0-0: Foul Ball, location: 2F
0-1: Swinging Strike
0-2: Ball
1-2: Ball
2-2: Foul Ball, location: 2F
2-2: Ground out 5-3 (Groundball, 56S, EV 68.8 MPH)
Nick Wicker to third
Spencer Jones to second
Batting: LHB Ray Whitehead 0-0: Ball
1-0: Called Strike
1-1: Ball
2-1: Called Strike
2-2: Ground out 3-1 (Groundball, 34S, EV 91.3 MPH)
Bottom of the 7th over - 0 runs, 1 hit, 0 errors, 2 left on base; Birmingham 0 - New Hampshire 4
TOP OF THE 8TH
Birmingham Barons batting - Pitching for New Hampshire Fisher Cats : RHP Orlando Giron
Batting: RHB Tony Reyna 0-0: Called Strike
0-1: Ground out 1-3 (Groundball, 13, EV 63.8 MPH)
Pitching: LHP Vinny Zavala
Batting: RHB Bill Williams 0-0: Ball
1-0: Foul Ball, location: 2F
1-1: Ball
2-1: Ball
3-1: Base on Balls
Batting: RHB Justin Walker 0-0: Foul Ball, location: 2F
0-1: Swinging Strike
0-2: Foul Ball, location: 2F
0-2: Fielders Choice at 2nd, 6-4 (Groundball, 6, EV 82.5 MPH)
Batting: RHB Dieter Knoops 0-0: Foul Ball, location: 2F
0-1: Swinging Strike
0-2: Ball
1-2: Ball
2-2: Fly out, F8 (Flyball, 8RS, EV 80.0 MPH)
Top of the 8th over - 0 runs, 0 hits, 0 errors, 1 left on base; Birmingham 0 - New Hampshire 4
BOTTOM OF THE 8TH
New Hampshire Fisher Cats batting - Pitching for Birmingham Barons : RHP Jason Beard
Pitching: RHP Jesus Griego
Batting: SHB Eduardo Maldonado 0-0: Foul Ball, location: 2F
0-1: Ball
1-1: Foul Ball, location: 2F
1-2: Ball
2-2: Ground out 4-3 (Groundball, 4M, EV 105.0 MPH)
Batting: RHB Eddie LaRose 0-0: Called Strike
0-1: Ground out 6-3 (Groundball, 6, EV 80.0 MPH)
Batting: RHB Dan Hilyer 0-0: Ball
1-0: Fly out, F4 (Popup, 13, EV 76.9 MPH)
Bottom of the 8th over - 0 runs, 0 hits, 0 errors, 0 left on base; Birmingham 0 - New Hampshire 4
TOP OF THE 9TH
Birmingham Barons batting - Pitching for New Hampshire Fisher Cats : LHP Vinny Zavala
Batting: LHB Nick Ramsdell 0-0: Ball
1-0: Foul Ball, location: 2F
1-1: Ground out 3-1 (Groundball, 3L, EV 100.6 MPH)
Batting: LHB Ryan Karg 0-0: Ball
1-0: Swinging Strike
1-1: Foul Ball, location: 2F
1-2: Strikes out swinging
Batting: RHB Danny Bunn 0-0: Called Strike
0-1: Foul Ball, location: 2F
0-2: Foul Ball, location: 2F
0-2: Ball
1-2: Ball
2-2: Hit by Pitch
Batting: LHB Ryan Dyal 0-0: Foul Ball, location: 2F
0-1: Swinging Strike
0-2: Foul Ball, location: 2F
0-2: Ball
1-2: Fly out, F7 (Flyball, 7LD, EV 106.3 MPH)
Top of the 9th over - 0 runs, 0 hits, 0 errors, 1 left on base; Birmingham 0 - New Hampshire 4
Thursday, March 31st , 2022 - OOTP Baseball 22.12 Build 89